 Dungeon Crawl Stone Soup version 0.19-a0-330-g034cfd4 (webtiles) character file.

340 Delvonshi the Chiller (level 6, -4/32 HPs)
             Began as a Kobold Ice Elementalist on May 28, 2016.
             Slain by an ogre
             ... wielding a +0 giant spiked club
              (33 damage)
             ... on level 4 of the Dungeon.
             The game lasted 00:24:46 (6350 turns).

Delvonshi the Chiller (Kobold Ice Elementalist)     Turns: 6350, Time: 00:24:47

Health: -4/32      AC:  3    Str:  7    XL:     6   Next: 87%
Magic:  2/11       EV: 15    Int: 15    God:
Gold:   227        SH:  0    Dex: 16    Spells: 4 memorised, 1 level left

rFire  x . .     SeeInvis .     o - +1 long sword (slice)
rCold  + . .     Gourm    .     a - +0 robe
rNeg   . . .     Faith    .     (shield restricted)
rPois  .         Spirit   .     (no helmet)
rElec  .         Dismiss  .     (no cloak)
rCorr  .         Reflect  .     y - +0 pair of gloves
SustAt .         Harm     .     (no boots)
MR     .....                    (no amulet)
Stlth  +.........               (no ring)
                                w - ring of ice

@: confused, very slightly contaminated, not resistant to hostile enchantments,
very unstealthy
A: carnivore 3
a: no special abilities


You were on level 4 of the Dungeon.
You were very full.

You visited 1 branch of the dungeon, and saw 5 of its levels.

You collected 227 gold pieces.

Inventory:

Hand Weapons
 i - a +0 dagger
 o - a +1 long sword of slicing (weapon)
 p - a +0 blowgun
Missiles
 q - 47 poisoned needles
Armour
 a - a +0 robe (worn)
 y - a +0 pair of gloves (worn)
Jewellery
 k - an uncursed amulet of guardian spirit
 w - a ring of ice (left hand)
Wands
 u - a wand of flame (28/48)
Scrolls
 d - 4 scrolls of enchant weapon {unknown}
 e - 8 scrolls of identify {unknown}
 j - 3 scrolls of remove curse {unknown}
 m - a scroll of teleportation {unknown}
 n - 5 scrolls of noise {unknown}
 s - a scroll of fear {unknown}
 x - a scroll of enchant armour {unknown}
Potions
 f - 5 potions of curing {unknown}
 g - 2 potions of brilliance {unknown}
 h - a potion of heal wounds {unknown}
 l - a potion of degeneration {unknown}
 r - a potion of beneficial mutation {unknown}
 z - a potion of agility {unknown}
Books
 b - a book of Frost

   Spells                             Type                      Level
   a - Freeze                         Ice                          1
   b - Throw Frost                    Conjuration/Ice              2
   c - Ozocubu's Armour               Charms/Ice                   3
   d - Throw Icicle                   Conjuration/Ice              4
   e - Summon Ice Beast               Ice/Summoning                4
 t - a book of Spatial Translocations

   Spells                             Type                      Level
   a - Apportation                    Translocation                1
   b - Blink                          Translocation                2
   c - Shroud of Golubria             Charms/Translocation         2
   d - Portal Projectile              Translocation                3
   e - Teleport Other                 Translocation                3
   f - Passage of Golubria            Translocation                4
 v - a Fen Folio

   Spells                             Type                      Level
   a - Corpse Rot                     Necromancy                   2
   b - Stone Arrow                    Conjuration/Earth            3
   c - Leda's Liquefaction            Hexes/Earth                  4
   d - Summon Forest                  Summoning/Translocation      5
   e - Hydra Form                     Transmutation                6
   f - Summon Hydra                   Summoning                    7
Comestibles
 c - 2 meat rations
 A - 4 chunks of flesh


   Skills:
 - Level 2.4 Dodging
 - Level 2.6 Stealth
 - Level 3.3 Spellcasting
 + Level 3.2 Conjurations
 - Level 1.9 Charms
 - Level 4.5 Ice Magic


You had one spell level left.
You knew the following spells:

 Your Spells              Type           Power        Failure   Level  Hunger
a - Freeze                Ice            ###.         3%          1    None
b - Ozocubu's Armour      Chrm/Ice       ###.....     17%         3    ###....
c - Throw Icicle          Conj/Ice       ###.....     41%         4    ####...
d - Throw Frost           Conj/Ice       ###...       8%          2    ##.....


Dungeon Overview and Level Annotations

Branches:
Dungeon (5/15)
 Temple: D:4-7

Altars:
Ashenzari
The Shining One

Annotations:
D:5 Duvessa


Innate Abilities, Weirdness & Mutations

You are small and have problems with some larger weapons.
You are carnivorous and can eat meat at any time.


Message History

You feel a surge of power!
The puff of frost hits the orc wizard.
The orc wizard is almost dead.
The orc wizard casts a spell.
The orc wizard blinks!
The orc wizard points at you and mumbles some strange words.
You are confused.
A ball python skeleton comes into view.
The orc wizard mumbles some strange words.
The orc wizard blinks!
The orc wizard casts a spell at you.
You are more confused.
You hear a shout!
You climb upwards.
There is a stone staircase leading down here.
The ogre shouts!
You're too confused to move!
You bump into the rock wall.
The ogre misses you.
The ogre hits you with a giant spiked club!!
Ouch! That really hurt!
You die...

..# #.# ############...#.#####
#.# #.# #........##...###.....
#.# #.# #.######.#.....#..####
#.###.# #.# ####.#.##.#.#.# #
......# #.# #.........###.# #
#.###.# #.# #.##[#O##.# #.# # #.#
#.# #.# #.##.#.##'###.# # #.# #.#
#.###.##.#.#...##.# # ..# #.#
#...>@...#........# # .## #.#
###.#O####.......## #
..###.#######....###.........####
...................'.........'...
..########.#.<...###.........####
.## #...#.### ##.......## # ##
##.#### ##.....## # # #.# ##...##
# # #.# ##'########


You could see an ogre.

Vanquished Creatures
  A scorpion (D:4)
  A hound (D:4)
  An iguana (D:4)
  2 worker ants
  5 adders
  3 gnolls (D:4)
  2 oozes
  An adder zombie (D:3)
  2 worms (D:2)
  A dart slug (D:2)
  7 giant geckos
  5 orcs
  5 giant cockroaches
  8 goblins
  12 hobgoblins
  A quokka (D:2)
  9 bats
  5 giant newts
  8 kobolds
  18 rats
97 creatures vanquished.

Notes
Turn   | Place    | Note
--------------------------------------------------------------
     0 | D:1      | Delvonshi the Kobold Ice Elementalist began the quest for the Orb.
     0 | D:1      | Reached XP level 1. HP: 10/10 MP: 3/3
   243 | D:1      | Reached XP level 2. HP: 15/15 MP: 3/5
   487 | D:1      | Found a glowing golden altar of the Shining One.
   745 | D:1      | Reached skill level 4 in Ice Magic
   745 | D:1      | Reached XP level 3. HP: 17/19 MP: 3/6
  1564 | D:1      | Learned a level 3 spell: Ozocubu's Armour
  1731 | D:2      | Reached XP level 4. HP: 24/24 MP: 5/7
  2060 | D:2      | Found a shattered altar of Ashenzari.
  2074 | D:2      | Reached skill level 1 in Charms
  3223 | D:3      | Reached XP level 5. HP: 25/28 MP: 0/8
  3317 | D:3      | Learned a level 4 spell: Throw Icicle
  3363 | D:3      | Reached skill level 1 in Conjurations
  5107 | D:4      | Reached XP level 6. HP: 28/32 MP: 6/9
  5359 | D:4      | Noticed an ogre
  5537 | D:4      | Learned a level 2 spell: Throw Frost
  5876 | D:4      | Noticed an ogre
  6192 | D:5      | Entered Level 5 of the Dungeon
  6345 | D:5      | Noticed Duvessa
  6350 | D:4      | Slain by an ogre

Vault maps used:
D:1:      dpeg_arrival_ratfight, kennysheep_another_room, tso_altar
D:2:      ashenzari_altar_1
D:4:      first_bread, portal_sewer_entry_e
D:5:      minitemple, minmay_temple_entry_junction, grunt_ministairs_2,
          st_stairs_9, minmay_misc_feat_diagonals, grunt_decor_fettered,
          uniq_duvessa, uniq_menkaure, uniq_eustachio, uniq_grinder,
          uniq_sigmund

Skill      XL: |  1  2  3  4  5  6 |
---------------+-------------------+-----
Ice Magic      | 4 |  4.5
Charms         | 1 |  1.9
Conjurations   | 2 3 |  3.2
Spellcasting   | 3 |  3.3
Dodging        | |  2.4
Stealth        | |  2.6

Action                   |  1- 3 |  4- 6 || total
-------------------------+-------+-------++-------
Melee: Unarmed           |    17 |       ||    17
       Dagger            |     5 |    13 ||    18
       Long sword        |       |    42 ||    42
 Fire: Blowgun           |       |    25 ||    25
 Cast: Freeze            |    62 |    94 ||   156
       Ozocubu's Armour  |       |     2 ||     2
       Throw Frost       |       |     8 ||     8
 Stab: Sleeping          |     3 |     7 ||    10
  Eat: Chunk             |    11 |    17 ||    28
Armor: Robe              |     4 |    13 ||    17
Dodge: Dodged            |    64 |   103 ||   167
